 Dungeon Crawl Stone Soup version 0.18-a0-1426-g3b9a63c (webtiles) character file.

410 chei the Covered (level 6, 0/47 HPs)
             Began as a Demonspawn Fighter on Feb 27, 2016.
             Was an Initiate of Okawaru.
             Slain by an orc (2 damage)
             ... in the Ecumenical Temple.
             The game lasted 00:06:13 (2911 turns).

chei the Covered (Demonspawn Fighter)               Turns: 2911, Time: 00:06:14

Health: 0/47       AC:  9    Str: 18    XL:     6   Next: 58%
Magic:  6/6        EV:  9    Int: 10    God:    Okawaru [......]
Gold:   94         SH:  9    Dex: 12    Spells: 0 memorised, 5 levels left

rFire  + . .     SeeInvis .     a - +1 long sword
rCold  + . .     Gourm    .     i - +2 ring mail {rC+}
rNeg   . . .     Faith    .     c - +0 shield
rPois  .         Spirit   .     (helmet restricted)
rElec  .         Dismiss  .     m - +0 cloak
rCorr  .         Reflect  .     (no gloves)
SustAt .         Harm     .     (no boots)
MR     .....                    (no amulet)
Stlth  +.........               (no ring)
                                (no ring)

@: very slightly contaminated, hasted, very quick, not resistant to hostile
enchantments, very unstealthy
A: antennae 2, fire resistance 1, powered by death 1
a: Renounce Religion


You were in the Ecumenical Temple.
You worshipped Okawaru.
Okawaru was noncommittal.
You were not hungry.

You visited 2 branches of the dungeon, and saw 7 of its levels.

You collected 94 gold pieces.

Inventory:

Hand Weapons
 a - a +1 long sword (weapon)
Armour
 b - a +0 scale mail
 c - a +0 shield (worn)
 i - a +2 ring mail of cold resistance (worn)
 j - a +1 leather armour of positive energy
 m - a +0 cloak (worn)
Scrolls
 e - 2 scrolls of identify
 g - a scroll of recharging
Potions
 d - a potion of cure mutation
Comestibles
 f - a bread ration
 k - a fruit


   Skills:
 + Level 3.6 Fighting
 * Level 3.9 Long Blades
 + Level 4.0 Armour
 + Level 1.8 Dodging
 + Level 0.4 Stealth
 + Level 3.8 Shields


You had 5 spell levels left.
You didn't know any spells.

Dungeon Overview and Level Annotations

Branches:
Dungeon (6/15)             Temple (1/1) D:4

Altars:
Dithmenos
Elyvilon
Fedhas
Gozag
Kikubaaqudgha
Makhleb
Nemelex Xobeh
Okawaru
Qazlal
Trog
Vehumet
Xom
Yredelemnul

Annotations:
D:3 Crazy Yiuf


Innate Abilities, Weirdness & Mutations

You have a pair of antennae on your head.
Your flesh is heat resistant.
You regenerate a little health from kills.


Message History

You closely miss the orc warrior.
The orc warrior is heavily wounded.
The orc warrior barely misses you. The orc closely misses you.
Unknown command.
You barely miss the orc warrior.
The orc warrior is heavily wounded.
The orc hits you but does no damage.
The orc warrior hits you with a glaive!!
* * * LOW HITPOINT WARNING * * *
Unknown command.
You closely miss the orc. The orc hits you but does no damage.
Unknown command.
You hit the orc.
The orc is moderately wounded.
You block the orc warrior's attack.
Unknown command.
You hit the orc.
The orc is heavily wounded.
The orc hits you.
You die...

####### ######### #######
......### ###.......### ###......
_..._...###..._..._...###..._..._
.........#.............#.........
........###......o....###........
................@o...............
........###...........###........
.........#.............#.........
_..._...###..._..._...###..._..._
......### ###.......### ###......
####### ######### #######


You could see an orc warrior and an orc.

Vanquished Creatures
  Sigmund (D:3)
  A phantom (D:5)
  A scorpion (D:6)
  Terence (D:3)
  4 adders
  2 worms (D:2)
  2 dart slugs
  4 giant geckos
  2 orcs
  2 giant cockroaches
  4 goblins
  3 hobgoblins
  7 jackals
  6 kobolds
  2 quokkas
  4 bats
  A giant newt (D:1)
  A quokka skeleton (D:3)
  4 rats
52 creatures vanquished.

Notes
Turn   | Place    | Note
--------------------------------------------------------------
     0 | D:1      | chei the Demonspawn Fighter began the quest for the Orb.
     0 | D:1      | Reached XP level 1. HP: 18/18 MP: 1/1
   139 | D:1      | Reached skill level 3 in Armour
   165 | D:1      | Gained mutation: You regenerate a little health from kills. [demonic ancestry]
   165 | D:1      | Reached XP level 2. HP: 21/24 MP: 2/2
   940 | D:2      | Gained mutation: You have a pair of small antennae on your head. [demonic ancestry]
   940 | D:2      | Reached XP level 3. HP: 29/29 MP: 3/3
   951 | D:2      | Found a shadowy altar of Dithmenos.
  1678 | D:3      | Found a blossoming altar of Fedhas.
  1701 | D:3      | Noticed Sigmund
  1714 | D:3      | Killed Sigmund
  1714 | D:3      | Reached skill level 1 in Dodging
  1714 | D:3      | Gained mutation: Your flesh is heat resistant. [demonic ancestry]
  1714 | D:3      | Reached XP level 4. HP: 19/35 MP: 4/4
  1714 | D:3      | Gained mutation: You have a pair of antennae on your head. [demonic ancestry]
  1714 | D:3      | Reached XP level 5. HP: 22/41 MP: 5/5
  1888 | D:3      | Noticed Terence
  1911 | D:3      | Killed Terence
  1956 | D:3      | Noticed Crazy Yiuf
  2057 | D:3      | You fall through a shaft for 2 floors!
  2057 | D:5      | Entered Level 5 of the Dungeon
  2141 | D:5      | Noticed a centaur
  2142 | D:5      | Noticed an ice beast
  2143 | D:5      | Noticed a phantom
  2411 | D:6      | Reached XP level 6. HP: 26/47 MP: 6/6
  2772 | D:5      | Reached skill level 4 in Armour
  2779 | D:4      | Found a staircase to the Ecumenical Temple.
  2781 | D:4      | Noticed an orc warrior
  2789 | Temple   | Entered the Ecumenical Temple
  2882 | Temple   | Became a worshipper of Warmaster Okawaru
  2908 | Temple   | HP: 2/47 [orc warrior/glaive (19)]
  2911 | Temple   | Slain by an orc

Vault maps used:
D:1:      minmay_arrival_loop
D:2:      nicolae_dithmenos_shadow_blocks
D:3:      lemuel_round_altar, first_bread, fedhas_altar_3, uniq_natasha,
          uniq_terence, uniq_sigmund, uniq_crazy_yiuf_cottage
D:4:      minmay_temple_entry_statues, roderic_lattice_a, uniq_menkaure
D:5:      lexackson_kobold_supper
D:6:      gammafunk_pakellas_spire_experiment
Temple:   zaba_magenta_temple_12

Skill      XL: |  1  2  3  4  5  6 |
---------------+-------------------+-----
Armour         | 3 4 |  4.0
Long Blades    | 2 3 |  3.9
Shields        | 3 |  3.8
Dodging        | 1 |  1.8
Fighting       | |  3.6
Stealth        | |  0.4

Action                   |  1- 3 |  4- 6 || total
-------------------------+-------+-------++-------
Melee: Long sword        |   133 |   119 ||   252
  Use: Potion            |     3 |     1 ||     4
       Scroll            |       |     8 ||     8
  Eat: Chunk             |     3 |     1 ||     4
       Bread ration      |       |     1 ||     1
